 Dungeon Crawl Stone Soup version 0.26-a0-30-g56b8cd3df0 (webtiles) character file.

Game seed: 16870855215068361784, levelgen mode: deterministic

41 MisterFreud the Skirmisher (level 3, -2/27 HPs)
             Began as an Octopode Gladiator on June 2, 2020.
             Killed by divine providence
             ... invoked by an orc priest
              (12 damage)
             ... on level 2 of the Dungeon.
             The game lasted 00:01:03 (1298 turns).

MisterFreud the Skirmisher (Octopode Gladiator)     Turns: 1298, Time: 00:01:04

Health: -2/27      AC:  1    Str: 13    XL:     3   Next: 52%
Magic:  3/3        EV: 14    Int: 11    God:
Gold:   62         SH:  0    Dex: 13    Spells: 2/2 levels left

rFire    . . .     SeeInvis .   a - +0 long sword
rCold    . . .     Gourm    .   (no shield)
rNeg     . . .     Faith    .   b - +0 hat
rPois    .         Spirit   .   (no amulet)
rElec    .         Reflect  .   p - ring of resist corrosion
rCorr    +         Harm     .   (no ring)
MR       .....                  (no ring)
Stlth    ++........             (no ring)
HPRegen  0.09/turn              (no ring)
MPRegen  0.08/turn              (no ring)
                                (no ring)
                                (no ring)

@: no status effects
A: almost no armour, stealthy swim, amphibious, 8 rings, constrict 8, camouflage
1, gelatinous body 1
a: no special abilities


You were on level 2 of the Dungeon.
You were not hungry.

You visited 1 branch of the dungeon, and saw 2 of its levels.

You collected 62 gold pieces.

Inventory:

Hand Weapons
 a - a +0 long sword (weapon)
Missiles
 c - 3 throwing nets (quivered)
 q - 18 poisoned darts
Armour
 b - a +0 hat (worn)
Jewellery
 i - an uncursed ring of wizardry {unknown}
 p - a ring of resist corrosion (left tentacle)
Scrolls
 h - a scroll of blinking {unknown}
 k - a scroll of magic mapping {unknown}
 l - 2 scrolls of identify {unknown}
 m - a scroll of fear {unknown}
Potions
 e - 2 potions of berserk rage {unknown}
 f - a potion of might {unknown}
 g - 2 potions of ambrosia {unknown}
 j - a potion of lignification {unknown}
 o - a potion of haste {unknown}
Comestibles
 d - 4 rations
 n - 4 chunks of flesh


   Skills:
 * Level 3.8 Fighting
 - Level 3.0 Long Blades
 - Level 2.0 Throwing
 - Level 3.0 Dodging


You had 2 spell levels left.
You didn't know any spells.
Your spell library was empty.

Dungeon Overview and Level Annotations

Branches:
Dungeon (2/15)

Altars:
Sif Muna
Vehumet


Innate Abilities, Weirdness & Mutations

You cannot wear most types of armour.
You are very stealthy in the water. (Stealth+)
You are amphibious.
You can wear up to eight rings at the same time.
You can use your tentacles to constrict eight enemies at once.
Your skin changes colour to match your surroundings (Stealth+).
Your rubbery body absorbs attacks. (AC +1, EV +1)


Message History

The goblin misses you.
The orc shouts!
You slash the goblin!
You kill the goblin!
The orc priest hits you with a +0 hand axe of flaming.
The orc priest burns you.
Things that are here:
a +0 club; a goblin corpse You are too injured to fight recklessly!
You are too injured to fight recklessly!
You hit the orc priest. Your grab misses the orc priest.
The orc priest is moderately wounded.
The orc priest barely misses you. The orc closely misses you.
You hit the orc priest but do no damage.
You grab the orc priest. You squeeze the orc priest!
The orc priest is almost dead.
You constrict the orc priest.
The orc priest calls down the wrath of Beogh upon you.
Beogh smites you!
You die...

# #######
####o######.....# ##
#..ooo@...$.....##+###.
#.##o######....(#......
# ###.###......
#>...........
#.#.###...... #.#.#
#...... #รท#.####.....
#............
#.#.####.....


You could see an orc priest and 4 orcs.

Vanquished Creatures
  An adder (D:2)
  A worm (D:2)
  A leopard gecko (D:2)
  4 goblins
  4 hobgoblins
  3 jackals (D:2)
  A ball python (D:1)
  3 bats (D:2)
  A frilled lizard (D:1)
  6 kobolds
  A rat (D:2)
26 creatures vanquished.

Notes
Turn   | Place    | Note
-------+----------+-------------------------------------------
     0 | D:1      | MisterFreud the Octopode Gladiator began the quest for the
                  | Orb.
     0 | D:1      | Reached XP level 1. HP: 14/14 MP: 1/1
   299 | D:1      | Reached XP level 2. HP: 20/20 MP: 2/2
   832 | D:2      | Found a shimmering blue altar of Sif Muna.
   895 | D:2      | Reached XP level 3. HP: 18/26 MP: 3/3
  1137 | D:2      | Found a radiant altar of Vehumet.
  1298 | D:2      | Killed from afar by an orc priest

Illustrated notes

Levels and vault maps discovered:
D:1:      dpeg_arrival_pond, layout_rooms
D:2:      layout_basic, grunt_temple_overflow_opulence, lemuel_round_altar,
          old_standard_altar, first_ration

Skill      XL: |  1  2 |
---------------+-------+-----
Fighting       | 3 |  3.8
Long Blades    | |  3.0
Throwing       | |  2.0
Dodging        | |  3.0

Action                   || total
-------------------------++-------
Melee: Long sword        ||    42
       Constrict         ||    17
       Tentacles         ||     9
 Stab: Sleeping          ||     3
       Distracted        ||     1
  Eat: Chunk             ||     1
Armor: Skin              ||     2
Dodge: Dodged            ||    26
       Rpst.: Long sword ||    11

Table legend:
 A = Non-vault XP
 B = Vault XP
 C = Vault XP percentage of total XP
 D = Non-vault monster count
 E = Vault monster count
 F = Vault count percentage of total count
                 A         B        C        D         E       F
            +---------+---------+-------+---------+---------+-------
      Total |      59 |       0 |   0.0 |      26 |       0 |   0.0
            +---------+---------+-------+---------+---------+-------
        D:1 |      13 |       0 |   0.0 |       8 |       0 |   0.0
        D:2 |      46 |       0 |   0.0 |      18 |       0 |   0.0
            +---------+---------+-------+---------+---------+-------
